 Dungeon Crawl Stone Soup version 0.32-a0-306-gfed3edf829 (webtiles) character file.

Game seed: 8254753831038568420

1486 Dittersdorf the Covered (level 8, -1/52 HPs)
             Began as a Gargoyle Fighter on Feb 14, 2024.
             Slain by a wight
             ... wielding a +4 mace
              (8 damage)
             ... on level 6 of the Dungeon.
             The game lasted 00:07:09 (5091 turns).

Dittersdorf the Covered (Gargoyle Fighter)          Turns: 5091, Time: 00:07:09

Health: -1/52      AC: 19    Str: 23    XL:     8   Next: 80%
Magic:  8/8        EV: 12    Int:  8    God:
Gold:   401        SH: 10    Dex:  9    Spells: 7/7 levels left

rFire   . . .        a - +0 flail
rCold   . . .        f - +1 kite shield
rNeg    + + .        k - +0 chain mail
rPois   ∞            (no helmet)
rElec   +            v - +0 cloak
rCorr   .            h - +0 pair of gloves
SInv    .            l - +0 pair of boots
Will    .....        (no amulet) Stlth
                     o - ring of positive energy
HPRegen 0.28/turn    u - +5 ring of evasion
MPRegen 0.11/turn

%: no passive effects
@: no status effects
A: sickness immunity, AC +5, negative energy resistance 1, electricity
resistance, torment resistance 1, petrification resistance
a: no special abilities


You were on level 6 of the Dungeon.
You visited 2 branches of the dungeon, and saw 7 of its levels.
You also visited: Sewer.

You collected 401 gold pieces.

Inventory:

Hand Weapons
 a - a +0 flail (weapon)
Armour
 f - a +1 kite shield (worn)
 h - a +0 pair of gloves (worn)
 k - a +0 chain mail (worn)
 l - a +0 pair of boots (worn)
 r - a +0 plate armour
 v - a +0 cloak (worn)
Jewellery
 i - a ring of ice
 o - a ring of positive energy (left hand)
 u - a +5 ring of evasion (right hand)
Scrolls
 c - a scroll of noise {unknown}
 j - a scroll of enchant armour
 n - 4 scrolls of teleportation
 q - a scroll of enchant weapon
 t - a scroll of silence
 y - a scroll of blinking
Potions
 b - a potion of cancellation {unknown}
 d - 3 potions of might
 e - a potion of invisibility
 g - 5 potions of curing
 m - 3 potions of mutation
 p - 2 potions of magic
 s - a potion of experience {unknown}
 w - a potion of enlightenment
 x - 2 potions of heal wounds {unknown}


   Skills:
 + Level 6.6 Fighting
 + Level 5.7 Maces & Flails
 + Level 6.7 Armour
 + Level 6.6 Shields


You had 7 spell levels left.
You didn't know any spells.
Your spell library contained the following spells:

 Spells                   Type           Power      Damage    Failure   Level
 Apportation              Tloc           0%         N/A       99%         1
 Necrotise                Necr           0%         1d4       99%         1
 Sting                    Conj/Alch      0%         1d3       99%         1
 Summon Small Mammal      Summ           0%         N/A       99%         1
 Blink                    Tloc           0%         N/A       100%        2
 Ensorcelled Hibernation  Hex/Ice        0%         N/A       100%        2
 Lesser Beckoning         Tloc           0%         N/A       100%        2
 Momentum Strike          Conj/Tloc      0%         3d8       100%        2
 Passwall                 Erth           0%         N/A       100%        3
 Swiftness                Air            0%         N/A       100%        3
 Animate Dead             Necr           0%         N/A       100%        4
 Borgnjor's Vile Clutch   Necr/Erth      0%         N/A       100%        5
 Death Channel            Necr           0%         N/A       100%        6


Dungeon Overview and Level Annotations

Branches:
Dungeon (6/15)             Temple (1/1) D:5           Sewer (visited)

Altars:
Cheibriados
Dithmenos
Elyvilon
Hepliaklqana
Kikubaaqudgha
Makhleb
Okawaru
Ru
Wu Jian
Yredelemnul

Shops:
D:4 :


Innate Abilities, Weirdness & Mutations

You are immune to sickness and miasma.
Your stone body is resilient. (AC +5)
You are immune to poison.
You resist negative energy. (rN+)
You are resistant to electric shocks. (rElec)
You are resistant to unholy torment.
You are immune to petrification.


Message History

You block the wight's attack.
You hit the wight but do no damage. The wight closely misses you.
The wight barely misses you.
You sock the wight!
The wight is heavily damaged.
You block the wight's attack.
You hit the wight.
The wight is heavily damaged.
The wight hits you with a +0 war axe!
You sock the wight!
The wight is almost destroyed.
The wight closely misses you.
You hit the wight but do no damage.
The wight is almost destroyed.
You block the wight's attack. The wight hits you with a +0 war axe.
* * * LOW HITPOINT WARNING * * *
You hit the wight but do no damage.
The wight is almost destroyed.
You block the wight's attack.
You sock the wight!
You destroy the wight!
You block the wight's attack.
You hit the wight but do no damage. The wight hits you with a +4 mace!
* * * LOW HITPOINT WARNING * * *
You hit the wight.
The wight is lightly damaged.
The wight closely misses you.
You hit the wight.
The wight is moderately damaged.
The wight hits you but does no damage.
You hit the wight.
The wight is heavily damaged.
You block the wight's attack. x2
You hit the wight but do no damage.
The wight is heavily damaged.
The wight misses you.
You sock the wight!
The wight is almost destroyed.
The wight hits you with a +4 mace!
You die...

.##............# #......#*......
....>.........## ####.###*.....,
.#.##........)# #)# #....,,
...,....#..##.## #.# ##..#***
...,.......##$.##### #.###...##
..#####............# #........#
..,,,,,.....##...#.###........#
,*,,,,,.....*###z#..##........#
,,,,,,,.$...####@##.#.........#
*,,,,,,........†..............#
,**,***.#######...............#
,,,,***,,######...............#
,,,,,,,,,.....................###
,,,,,,,,,?.......................
,********##..##.......##(##.#####
,* ##.##.....#..#.##.## **
#........##.......#


You could see a wight.

Vanquished Creatures
  A water moccasin (D:5)
  A black bear (D:6)
  2 ogres
  2 kobold brigands (Sewer)
  4 wights (D:6)
  2 howler monkeys (D:4)
  A hound (D:6)
  2 jellies
  An orc priest (D:5)
  2 bombardier beetles (D:5)
  A gnoll bouda (D:4)
  2 sleepcaps
  2 iguanas
  An orc wizard (D:6)
  7 gnolls
  8 adders
  2 ufetubi (D:6)
  4 dart slugs
  A ribbon worm (D:2)
  13 orcs
  7 endoplasms
  7 giant cockroaches
  8 goblins
  4 hobgoblins
  7 jackals
  4 quokkas
  8 ball pythons
  2 bats
  3 frilled lizards
  13 kobolds
  3 rats
125 creatures vanquished.

Notes
Turn   | Place    | Note
-------+----------+-------------------------------------------
     0 | D:1      | Dittersdorf the Gargoyle Fighter began the quest for the
                  | Orb.
     0 | D:1      | Reached XP level 1. HP: 14/14 MP: 1/1
    96 | D:1      | Reached XP level 2. HP: 19/19 MP: 2/2
   237 | D:1      | Reached XP level 3. HP: 23/23 MP: 3/3
   697 | D:2      | You fall into a shaft and drop 2 floors!
   787 | D:4      | Reached XP level 4. HP: 29/29 MP: 4/4
  1596 | D:3      | Found a white marble altar of Elyvilon.
  1715 | D:3      | Reached XP level 5. HP: 33/33 MP: 5/5
  2521 | D:3      | Found a faded altar of an unknown god.
  2593 | D:4      | Found Roillu Puata's Book Shop.
  2780 | D:4      | Reached XP level 6. HP: 20/39 MP: 6/6
  3182 | D:5      | Entered Level 5 of the Dungeon
  3389 | D:5      | Noticed a water moccasin
  3456 | D:5      | Reached skill level 5 in Armour
  3502 | D:5      | Killed a water moccasin
  3503 | D:5      | Reached skill level 5 in Fighting
  3503 | D:5      | Reached skill level 5 in Shields
  3503 | D:5      | Reached XP level 7. HP: 42/44 MP: 7/7
  4363 | D:5      | Found a staircase to the Ecumenical Temple.
  4376 | Temple   | Entered the Ecumenical Temple
  4502 | D:6      | Reached XP level 8. HP: 38/51 MP: 8/8
  4556 | D:6      | Reached skill level 5 in Maces & Flails
  4601 | D:6      | Found a glowing drain.
  4606 | Sewer    | Entered a sewer
  5091 | D:6      | Slain by a wight

Illustrated notes

Levels and vault maps discovered:
D:1:      sevenhm_arrival_forest_fort_large_3, layout_rooms,
          hangedman_decor_growths
D:2:      layout_rooms, item_on_display_b
D:3:      layout_basic, elyvilon_altar_4, shapermc_ecumenical_altar_petra,
          minivault_26
D:4:      layout_loops_cross, nicolae_stop_n_shop_1, grunt_decor_junction
D:5:      layout_rooms, minmay_temple_entry_offerings, serial_co_window_serial,
          co_window_of_opportunity_a, co_window_corner_a, co_window_paths_a,
          co_window_of_opportunity_a, co_window_paths_a, co_window_corner_a,
          co_window_corner_a, co_window_corner_b, co_window_broadway_c,
          co_window_corner_b, co_window_corner_b, co_window_4corner_a,
          glass_columns_b, glass_columns_b
D:6:      layout_rooms, lemuel_doored_altar, portal_sewer_entry_e, st_stairs_12
Temple:   grunt_temple_mini_profane

Skill      XL: |  1  2  3  4  5  6  7  8 |
---------------+-------------------------+-----
Armour         | 4 5 6 |  6.7
Fighting       | 4 5 6 |  6.6
Shields        | 4 5 6 |  6.6
Maces & Flails | 3 4 5 |  5.7

Action                     |  1- 3 |  4- 6 |  7- 9 || total
---------------------------+-------+-------+-------++-------
  Melee: Flail             |    68 |   153 |   271 ||   492
    Use: Scroll            |       |    14 |     1 ||    15
 Armour: Scale mail        |    53 |    87 |    38 ||   178
         Chain mail        |       |       |   179 ||   179
  Dodge: Dodged            |    36 |    66 |   179 ||   281
  Block: Kite shield       |    34 |    75 |   237 ||   346
         Buckler           |     1 |       |       ||     1

Table legend: (Time is in decaauts)
 A = Elapsed time spent in this place.
 B = Non-inter-level travel time spent in this place.
 C = Inter-level travel time spent in this place.
 D = Time resting spent in this place.
 E = Time spent auto-exploring this place.
 F = Levels seen in this place.
 G = Mean time per level.
                   A        B        C        D        E       F      G
               +--------+--------+--------+--------+--------+-----+--------+
         Total |   5265 |   5014 |    251 |    205 |   3486 |   8 |  658.1 |
       Dungeon |   4873 |   4622 |    251 |    117 |   3351 |   6 |  812.2 |
        Temple |      1 |      1 |      0 |      0 |      0 |   1 |    1.0 |
         Sewer |    390 |    390 |      0 |     88 |    134 |   1 |  390.0 |
               +--------+--------+--------+--------+--------+-----+--------+

Top non-repeatable levels by time:
     D:5: 1257 daAuts
     D:3: 1244 daAuts
     D:4: 829 daAuts
     D:1: 749 daAuts
     D:2: 436 daAuts
   Sewer: 390 daAuts
     D:6: 355 daAuts
  Temple: 1 daAuts
